 Dungeon Crawl Stone Soup version 0.32-a0-876-gcfddb08e57 (webtiles) character file.

Game seed: 11177217360127877780

975 Griffin23 the Slasher (level 7, -12/63 HPs)
             Began as a Minotaur Fighter on Apr 1, 2024.
             Was a Follower of Nemelex Xobeh.
             Mangled by a sun demon (14 damage)
             ... summoned by a kobold demonologist
             ... on level 6 of the Dungeon.
             The game lasted 00:08:18 (5008 turns).

Griffin23 the Slasher (Minotaur Fighter)            Turns: 5008, Time: 00:08:18

Health: -12/63     AC: 13    Str: 23    XL:     7   Next: 95%
Magic:  6/6        EV:  7    Int: 13    God:    Nemelex Xobeh [*.....]
Gold:   306        SH:  7    Dex:  9    Spells: 6/6 levels left

rFire   . . .        a - +0 long sword
rCold   . . .        y - +3 buckler of the Zebra {rN+ Int+2}
rNeg    + + .        E - +0 chain mail
rPois   .            (helmet restricted)
rElec   .            v - +2 cloak
rCorr   .            (no gloves)
SInv    .            (no boots)
Will    .....        B - amulet of faith Stlth
                     D - ring of positive energy
HPRegen 0.30/turn    A - +6 ring of intelligence
MPRegen 0.10/turn

%: faith
@: no status effects
A: horns 2, retaliatory headbutt
a: Renounce Religion, Draw Escape, Draw Destruction, Draw Summoning


You were on level 6 of the Dungeon.
You worshipped Nemelex Xobeh.
Nemelex Xobeh was aware of your devotion.
You visited 1 branch of the dungeon, and saw 6 of its levels.

You collected 306 gold pieces.

Inventory:

Hand Weapons
 a - a +0 long sword (weapon)
Armour
 b - a +0 scale mail
 c - a +0 buckler
 v - a +2 cloak (worn)
 y - the +3 buckler of the Zebra (worn) {rN+ Int+2}
   (You found it on level 2 of the Dungeon)

   Int+2:     It affects your intelligence (+2).
   rN+:       It protects you from negative energy.
 E - a +0 chain mail (worn)
Jewellery
 A - a +6 ring of intelligence (right hand)
 B - an amulet of faith (around neck)
 C - a ring of flight
 D - a ring of positive energy (left hand)
Wands
 w - a wand of warping (1)
 x - a wand of paralysis (1)
Scrolls
 d - 3 scrolls of fog {unknown}
 h - 3 scrolls of identify {unknown}
 j - 2 scrolls of blinking {unknown}
 l - a scroll of teleportation {unknown}
 n - 4 scrolls of acquirement {unknown}
 o - a scroll of brand weapon {unknown}
 q - 3 scrolls of poison {unknown}
 u - a scroll of summoning {unknown}
 z - a scroll of vulnerability {unknown}
Potions
 e - 2 potions of heal wounds {unknown}
 f - 4 potions of curing {unknown}
 g - 2 potions of lignification {unknown}
 i - a potion of ambrosia {unknown}
 k - 3 potions of attraction {unknown}
 m - a potion of brilliance {unknown}
 p - 3 potions of enlightenment {unknown}
 r - a potion of haste {unknown}
 s - a potion of magic {unknown}
 t - a potion of mutation {unknown}


   Skills:
 + Level 6.1 Fighting
 * Level 7.2 Long Blades
 + Level 6.0 Armour
 + Level 6.1 Shields


You had 6 spell levels left.
You didn't know any spells.
Your spell library contained the following spells:

 Spells                   Type           Power      Damage    Failure   Level
 Mercury Vapours          Alch/Air       0%         N/A       96%         2
 Frozen Ramparts          Ice            0%         1d1       99%         3
 Permafrost Eruption      Ice/Erth       0%         2x4d1     100%        6
 Ozocubu's Refrigeration  Ice            0%         4d7       100%        7


Dungeon Overview and Level Annotations

Branches:
Dungeon (6/15)
 Temple: D:4-7

Altars:
Dithmenos
Fedhas
Makhleb
Nemelex Xobeh
Okawaru
Trog

Shops:
D:4 (

Annotations:
D:4 2 transporters, xianbchi's ghost, amateur SpHu


Innate Abilities, Weirdness & Mutations

You have a pair of horns on your head.
You reflexively headbutt those who attack you in melee.


Message History

Okay, then.
Okay, then.
You hit the sun demon. You headbutt the sun demon.
The sun demon is heavily wounded.
You block the sun demon's attack.
The kobold demonologist mumbles some strange words.
The white imp hits you but does no damage.
The crimson imp barely misses you. The sun demon hits you.
You are engulfed in flames!
* * * LOW HITPOINT WARNING * * *
You draw a card...
You have drawn the Orb.
Press: ? - help, Shift-Dir - straight line, f/p - kobold demonologist
Aim: a kobold demonologist, wielding a +0 dagger and wearing a +0 robe (moderately wounded)
The wavering orb of destruction weakly hits the crimson imp!
The crimson imp is almost dead.
The deck of cards glows with a rainbow of weird colours and disappears.
You block the sun demon's attack.
The white imp hits you but does no damage.
The crimson imp picks up a beetle and eats it.
The crimson imp hits you.
* * * LOW HITPOINT WARNING * * *
The white imp lashes its tail.
You draw a card...
You have drawn Velocity.
The kobold demonologist seems to slow down.
The deck of cards disappears without a trace.
The sun demon hits you but does no damage.
You block the white imp's attack. The crimson imp hits you.
* * * LOW HITPOINT WARNING * * *
You draw a card...
You have drawn the Swarm.
You block the sun demon's attack. You block the white imp's attack.
The crimson imp barely misses you. You furiously retaliate!
You headbutt the crimson imp!
You kill the crimson imp!
The crimson imp disappears in a puff of smoke!
The sun demon attacks as it pursues you!
The sun demon hits you!
* * * LOW HITPOINT WARNING * * *
You are engulfed in flames!
You die...
Your body disappears without a glow.

#.# #.# #..#
#.# #..# #.#
#..# #.# #..#
#####.#######
#..#
#..y5.4KKKK5#
#..# #3#
#..#####.#
#@#####
##........#
#yy...#
#..<#######
#####.# #.###
#.# #.#
#####.######
#.#
#..........#
#.#
#.###.####.#
#.# #.#
#.####.#######
#.# #.#
#.#...........


You could see a sun demon (summoned, ally target), an ice devil (summoned), a
white imp (summoned) and 2 friendly killer bees.

Vanquished Creatures
  Grinder (D:3)
  Eustachio (D:5)
  Edmund (D:5)
  A kobold brigand (D:6)
  2 scorpions (D:4)
  3 hounds
  An orc priest (D:4)
  Crazy Yiuf (D:3)
  Jessica (D:3)
  5 gnolls (D:4)
  3 adders
  A shadow imp (D:5)
  A white imp (D:5)
  2 ribbon worms
  5 orcs (D:4)
  3 bats (D:2)
  6 endoplasms
  4 hobgoblins
  6 jackals
  12 kobolds
  4 quokkas
  14 ball pythons
  3 frilled lizards
  5 goblins
  7 rats
93 creatures vanquished.

Notes
Turn   | Place    | Note
-------+----------+-------------------------------------------
     0 | D:1      | Griffin23 the Minotaur Fighter began the quest for the Orb.
     0 | D:1      | Reached XP level 1. HP: 19/19 MP: 0/0
   259 | D:1      | Reached XP level 2. HP: 27/27 MP: 1/1
   434 | D:1      | Reached skill level 3 in Long Blades
   706 | D:2      | Reached XP level 3. HP: 33/33 MP: 2/2
  1131 | D:2      | Identified the +3 buckler of the Zebra {rN+ Int+2}
  1734 | D:3      | Reached XP level 4. HP: 37/40 MP: 3/3
  1749 | D:3      | Found a runed translucent door.
  1750 | D:3      | Noticed Crazy Yiuf
  1780 | D:3      | Noticed Jessica
  1785 | D:3      | Killed Jessica
  1820 | D:3      | Got the Commentary on Fog and Frostbite
  1854 | D:3      | Found a burning altar of Makhleb.
  1854 | D:3      | Found a blossoming altar of Fedhas.
  1859 | D:3      | Found a bloodstained altar of Trog.
  1862 | D:3      | Found an iron altar of Okawaru.
  1864 | D:3      | Found a shadowy altar of Dithmenos.
  1869 | D:3      | Found a sparkling altar of Nemelex Xobeh.
  2026 | D:3      | Noticed Grinder
  2028 | D:3      | Paralysed by Grinder for 3 turns
  2033 | D:3      | Killed Grinder
  2034 | D:3      | Reached skill level 5 in Long Blades
  2034 | D:3      | Reached XP level 5. HP: 20/47 MP: 4/4
  2034 | D:3      | Reached XP level 6. HP: 24/55 MP: 5/5
  2641 | D:3      | Became a worshipper of Nemelex Xobeh the Trickster
  2709 | D:3      | Killed Crazy Yiuf
  2710 | D:3      | Reached skill level 5 in Fighting
  2710 | D:3      | Reached skill level 5 in Armour
  2710 | D:3      | Reached skill level 5 in Shields
  3137 | D:4      | Found Hovaro's Antique Weapon Shop.
  3325 | D:4      | Reached skill level 6 in Long Blades
  3325 | D:4      | Reached XP level 7. HP: 52/61 MP: 6/6
  3770 | D:4      | Found a transporter.
  3770 | D:4      | Noticed xianbchi's ghost (amateur SpHu)
  3771 | D:4      | Found a transporter.
  3902 | D:5      | Entered Level 5 of the Dungeon
  4391 | D:5      | Noticed Eustachio
  4444 | D:5      | Killed Eustachio
  4669 | D:5      | Noticed Edmund
  4685 | D:5      | Killed Edmund
  4686 | D:5      | Reached skill level 7 in Long Blades
  4805 | D:5      | Reached * piety under Nemelex Xobeh
  4992 | D:6      | Received a gift from Nemelex Xobeh
  4992 | D:6      | Noticed a kobold demonologist
  4992 | D:6      | Noticed a kobold demonologist
  4997 | D:6      | Noticed a sun demon
  5004 | D:6      | Noticed an ice devil
  5008 | D:6      | HP: 2/63 [sun demon[a kobold demonologist] (8)]
  5008 | D:6      | Mangled by a sun demon

Illustrated notes

Levels and vault maps discovered:
D:1:      noname_arrival_rooms_in_the_neighbourhood, layout_loops_cross
D:2:      layout_loops_corners
D:3:      layout_basic, nicolae_overflow_hallway_of_the_gods,
          minmay_strange_pillars, minmay_cupped, uniq_jessica,
          uniq_crazy_yiuf_cottage, uniq_grinder
D:4:      kennysheep_six_static_rooms, layout_basic, gammafunk_ghost_smash,
          serial_shops, shop
D:5:      layout_loops_ring, uniq_edmund, uniq_eustachio
D:6:      layout_loops_ring

Skill      XL: |  1  2  3  4  5  6  7 |
---------------+----------------------+-----
Long Blades    | 3 5 6 7 |  7.2
Fighting       | 4 5 6 |  6.1
Armour         | 4 5 6 |  6.0
Shields        | 4 5 6 |  6.1

Action                     |  1- 3 |  4- 6 |  7- 9 || total
---------------------------+-------+-------+-------++-------
  Melee: Long sword        |   107 |    93 |   129 ||   329
         Headbutt          |    11 |    14 |    18 ||    43
 Invoke: Draw Escape       |       |       |     1 ||     1
         Draw Destruction  |       |       |     1 ||     1
         Draw Summoning    |       |       |     1 ||     1
  Evoke: Wand              |       |       |     3 ||     3
    Use: Potion            |       |     1 |       ||     1
 Armour: Scale mail        |   103 |    73 |   100 ||   276
         Chain mail        |       |       |    16 ||    16
  Dodge: Dodged            |    47 |    43 |    61 ||   151
  Block: Buckler           |    31 |    19 |    52 ||   102

Table legend: (Time is in decaauts)
 A = Elapsed time spent in this place.
 B = Non-inter-level travel time spent in this place.
 C = Inter-level travel time spent in this place.
 D = Time resting spent in this place.
 E = Time spent auto-exploring this place.
 F = Levels seen in this place.
 G = Mean time per level.
                   A        B        C        D        E       F      G
               +--------+--------+--------+--------+--------+-----+--------+
         Total |   5070 |   4637 |    433 |    286 |   3600 |   6 |  845.0 |
       Dungeon |   5070 |   4637 |    433 |    286 |   3600 |   6 |  845.0 |
               +--------+--------+--------+--------+--------+-----+--------+

Top non-repeatable levels by time:
     D:3: 1438 daAuts
     D:4: 1032 daAuts
     D:2: 957 daAuts
     D:5: 911 daAuts
     D:1: 661 daAuts
     D:6: 69 daAuts
